Map: Oxide LE

Players

MCanning - Winner!

  • Race: Protoss Protoss

Vindicta

  • Race: Terran Terran

Event: DreamHack SC2 Masters 2021 Fall

VOD

Have the link to the VOD?

Description

Time

  • Played on: Aug. 8, 2021, 3:31 p.m.
  • Length: 14:33

All games in this series

Show
View Real Time Build Order
Export as new Build Order

MCanning Protoss - Winner!

Build Orders: 1 Gate Expand, Blink Stalkers 

Get SALT Encoding   

  12  0:00  Probe  
  13  0:12  Probe  
  14  0:17  Pylon  
  14  0:24  Probe  
  15  0:36  Gateway, Probe (Chrono Boost)  
  16  0:46  Assimilator, Probe (Chrono Boost)  
  17  0:51  Probe (Chrono Boost)  
  18  1:03  Probe  
  19  1:15  Probe  
  20  1:23  Nexus  
  20  1:33  Cybernetics Core  
  20  1:35  Probe  
  21  1:41  Assimilator  
  21  1:50  Pylon  
  21  1:51  Probe  
  22  2:03  Probe (Chrono Boost)  
  22  2:07  Adept (Chrono Boost)  
  23  2:10  Warp Gate  
  26  2:15  Probe (Chrono Boost)  
  26  2:20  Twilight Council  
  26  2:22  Probe (Chrono Boost)  
  27  2:33  Stalker, Probe (Chrono Boost)  
  30  2:37  Probe (Chrono Boost)  
  32  2:48  Probe (Chrono Boost)  
  32  2:49  Probe (Chrono Boost)  
  33  2:52  Blink (Chrono Boost)  
  33  2:53  Probe (Chrono Boost)  
  33  2:56  Probe  
  35  3:04  Probe  
  36  3:08  Probe  
  37  3:16  Probe  
  38  3:20  Probe  
  38  3:23  Gateway  
  38  3:25  Gateway  
  39  3:28  Probe  
  39  3:32  Robotics Facility, Probe  
  41  3:37  Pylon  
  41  3:40  Probe  
  42  3:44  Assimilator, Probe  
  43  3:52  Probe  
  44  3:55  Pylon  
  44  3:56  Probe  
  44  4:02  Sentry  
  47  4:04  Probe  
  47  4:08  Probe  
  49  4:11  Nexus  
  49  4:12  Pylon  
  49  4:18  Probe  
  49  4:20  Observer  
  49  4:21  Stalker  
  49  4:22  Stalker  
  55  4:26  Probe  
  55  4:28  Stalker  
  55  4:29  Charge (Chrono Boost)  
  58  4:43  Gateway x2, Probe  
  59  4:45  Probe  
  59  4:49  Observer  
  61  4:58  Gateway  
  61  4:59  Sentry  
  63  5:01  Gateway  
  63  5:02  Shield Battery  
  63  5:04  Pylon  
  64  5:08  Pylon  
  64  5:10  Shield Battery  
  64  5:11  Sentry  
  63  5:14  Assimilator  
  63  5:15  Zealot  
  63  5:17  Immortal  
  63  5:19  Pylon  
  69  5:22  Probe  
  69  5:26  Zealot  
  72  5:28  Probe  
  72  5:31  Pylon  
  73  5:37  Forge, Robotics Bay  
  73  5:44  Observer  
  73  5:47  Probe  
  74  5:50  Zealot x2  
  74  5:54  Nexus  
  74  5:56  Pylon  
  78  5:58  Probe  
  79  6:08  Observer (Chrono Boost)  
  79  6:10  Stalker  
  82  6:11  Zealot x2  
  82  6:13  Protoss Ground Weapons Level 1  
  82  6:16  Shield Battery, Extended Thermal Lance (Chrono Boost)  
  82  6:18  Probe  
  87  6:24  Colossus (Chrono Boost)  
  87  6:31  Observer  
  93  6:37  Probe  
  94  6:44  Pylon  
  94  6:46  Stalker  
  94  6:47  Stalker  
  97  6:55  Pylon  
  97  6:58  Probe  
  97  7:00  Photon Cannon  
  98  7:05  Shield Battery  
  98  7:07  Colossus (Chrono Boost), Probe  
  105  7:10  Zealot x2  
  107  7:16  Sentry  
  107  7:18  Stalker x2  
  113  7:27  Probe  
  110  7:32  Gateway  
  110  7:34  Gateway  
  110  7:39  Probe x2  
  112  7:46  Zealot x2  
  122  7:52  Zealot x2  
  122  7:55  Sentry  
  124  8:09  Shield Battery  
  124  8:10  Dark Shrine  
  124  8:11  Pylon  
  124  8:12  Pylon  
  124  8:18  Zealot x4  
  124  8:19  Protoss Ground Armor Level 1 (Chrono Boost)  
  130  8:28  Zealot  
  130  8:29  Zealot x2  
  136  8:39  Stalker x3  
  136  8:40  Robotics Facility, Zealot  
  106  8:56  Probe  
  106  8:58  Probe  
  102  9:06  Probe  
  102  9:07  Zealot x6  
  102  9:09  Pylon  
  111  9:11  Assimilator  
  111  9:13  Forge  
  111  9:14  Gateway  
  111  9:15  Assimilator, Gateway  
  111  9:16  Robotics Facility  
  111  9:18  Pylon  
  111  9:19  Pylon  
  111  9:27  Disruptor (Chrono Boost)  
  111  9:30  Dark Templar x3  
  111  9:31  Dark Templar  
  122  9:36  Archon  
  122  9:37  Dark Templar, Archon  
  124  9:38  Dark Templar  
  124  9:44  Photon Cannon  
  126  9:46  Probe  
  126  9:51  Probe  
  128  9:59  Nexus, Disruptor (Chrono Boost)  
  128  10:00  Pylon  
  128  10:03  Disruptor (Chrono Boost)  
  134  10:13  Stalker x2  
  138  10:14  Stalker  
  138  10:18  Observer  
  140  10:23  Probe x3  
  140  10:26  Protoss Ground Armor Level 2 (Chrono Boost)  
  140  10:27  Protoss Ground Weapons Level 2 (Chrono Boost)  
  143  10:37  Disruptor, Zealot  
  143  10:41  Probe  
  148  10:43  Shield Battery  
  148  10:48  Stalker x2  
  152  10:52  Dark Templar  
  152  10:55  Stalker  
  156  10:58  Probe  
  156  11:03  Disruptor  
  144  11:15  Stalker x4  
  150  11:22  Probe  
  151  11:32  Disruptor  
  141  11:34  Zealot x5  
  145  11:40  Disruptor  
  131  11:54  Zealot x2  
  131  11:55  Zealot x5  
  145  12:08  Disruptor  
  148  12:09  Probe  
  148  12:11  Stalker x2  
  148  12:12  Templar Archives  
  148  12:13  Pylon  
  153  12:16  Disruptor  
  153  12:17  Stalker  
  153  12:18  Stalker x2  
  153  12:22  Zealot x3  
  166  12:30  Zealot  
  168  12:37  Zealot x2  
  160  12:52  Zealot x6  
  156  13:01  Disruptor  
  147  13:10  Probe  
  138  13:20  Zealot x5  
  138  13:23  Stalker x4  
  156  13:32  Nexus  
  156  13:39  Disruptor  
  143  13:45  Stalker x5  
  151  13:57  Pylon  
  151  14:02  Zealot x4  
  157  14:12  Zealot x5  
Show
View Real Time Build Order
Export as new Build Order

Vindicta Terran 

Build Orders:  

Get SALT Encoding   

  12  0:01  SCV  
  13  0:13  SCV  
  14  0:17  Supply Depot  
  14  0:25  SCV  
  15  0:39  SCV  
  15  0:40  Barracks  
  16  0:43  Refinery  
  16  0:51  SCV  
  17  1:03  SCV  
  18  1:15  SCV  
  19  1:28  Marine  
  19  1:30  Orbital Command  
  20  1:46  Command Center  
  20  1:50  Barracks Reactor  
  20  1:56  Supply Depot, SCV  
  21  2:08  SCV  
  21  2:12  Barracks  
  22  2:18  Barracks  
  22  2:21  SCV  
  23  2:26  Marine x2  
  25  2:33  SCV  
  26  2:38  Bunker  
  26  2:45  Marine, SCV  
  26  2:46  Marine  
  29  2:57  SCV, Orbital Command  
  30  2:59  Barracks Tech Lab  
  30  3:03  Marine  
  30  3:04  Refinery  
  31  3:07  Barracks Tech Lab  
  31  3:09  SCV  
  31  3:10  Marine  
  33  3:17  Stimpack  
  34  3:21  SCV  
  35  3:28  Marine  
  35  3:31  Marauder  
  35  3:32  Marauder  
  35  3:33  SCV x2  
  41  3:38  Combat Shield  
  41  3:43  Supply Depot  
  41  3:45  SCV x2  
  43  3:53  Marauder  
  45  3:57  SCV  
  45  3:59  Supply Depot  
  46  4:04  Marine, SCV  
  46  4:05  Marauder  
  46  4:09  Supply Depot, SCV  
  51  4:12  Marine  
  51  4:14  Marauder  
  54  4:19  Engineering Bay  
  54  4:20  SCV  
  55  4:25  Refinery  
  55  4:27  SCV  
  58  4:32  Supply Depot  
  58  4:35  SCV  
  58  4:38  Marine  
  59  4:39  Marine, SCV  
  60  4:45  Factory  
  60  4:47  Marauder  
  60  4:48  Marine  
  60  4:50  SCV  
  60  4:52  SCV  
  64  4:56  Terran Infantry Weapons Level 1  
  64  4:58  Marine x2, Supply Depot  
  66  5:00  Concussive Shells  
  66  5:04  Missile Turret  
  66  5:06  Marine  
  67  5:07  Marine  
  67  5:11  SCV x2  
  70  5:23  Barracks  
  70  5:24  Supply Depot, Barracks  
  70  5:25  SCV  
  70  5:28  Marine  
  72  5:30  Refinery  
  72  5:33  Starport  
  72  5:34  Marauder  
  73  5:36  SCV  
  73  5:38  Factory Reactor  
  73  5:40  Marine, Marauder  
  73  5:42  SCV  
  78  5:46  Marine  
  78  5:49  Supply Depot  
  78  5:51  SCV  
  78  5:54  SCV  
  78  5:55  Marine  
  81  5:58  Marine  
  81  6:01  Marauder  
  84  6:05  Supply Depot  
  84  6:12  Barracks Reactor, Supply Depot, Barracks Tech Lab  
  84  6:13  Marauder  
  84  6:17  Medivac x2  
  90  6:20  Factory Tech Lab  
  90  6:27  Marauder  
  90  6:29  Marine  
  93  6:34  Supply Depot  
  93  6:38  Siege Tank  
  93  6:39  Marine x2  
  96  6:41  Command Center  
  96  6:43  SCV  
  100  6:50  Terran Infantry Armor Level 1, Medivac  
  100  6:51  Medivac  
  100  6:52  Marine  
  106  6:56  Marine x2  
  106  6:58  Marine x2  
  106  7:00  Marine  
  109  7:05  Missile Turret  
  111  7:10  SCV  
  111  7:11  Supply Depot  
  109  7:20  Siege Tank, Liberator  
  109  7:21  Liberator  
  121  7:32  Marine  
  121  7:33  Marauder  
  121  7:36  Supply Depot  
  121  7:41  Supply Depot  
  121  7:45  SCV x2  
  121  7:49  Supply Depot  
  123  7:52  Siege Tank  
  123  7:54  Orbital Command  
  123  7:57  SCV x2  
  128  8:02  Missile Turret  
  125  8:08  Marine x2  
  125  8:09  SCV x2, Marauder  
  125  8:11  Marine, Orbital Command  
  125  8:12  Marine  
  133  8:14  Marine  
  122  8:21  SCV x2  
  122  8:26  Marine  
  127  8:29  Siege Tank  
  127  8:32  Marine x2, Marauder  
  127  8:33  SCV  
  133  8:34  Marine  
  133  8:37  Marine  
  133  8:38  SCV  
  135  8:43  Marine  
  120  8:54  Marauder  
  120  8:55  Marine x2, Marauder  
  98  8:57  SCV  
  97  9:04  Siege Tank  
  97  9:07  Marine, SCV x2  
  97  9:09  Medivac x2  
  94  9:11  SCV  
  94  9:13  Marine  
  94  9:14  Marine  
  94  9:15  Marine, Refinery, Marauder  
  102  9:20  Marauder  
  101  9:26  Marine  
  101  9:27  Refinery  
  101  9:28  SCV, Armory, Engineering Bay  
  101  9:29  Bunker, SCV x2  
  101  9:31  Marine  
  106  9:33  Marine  
  106  9:36  Sensor Tower, Siege Tank  
  109  9:40  Marine, SCV  
  109  9:41  SCV  
  109  9:44  Medivac  
  116  9:46  Marine, Medivac  
  116  9:50  Marauder x2  
  116  9:51  Marine  
  116  9:52  Marine  
  123  9:53  SCV  
  123  9:54  Marine  
  123  9:59  Marine  
  127  10:04  Marine  
  127  10:09  Marine, Siege Tank  
  133  10:14  Liberator  
  133  10:15  Marine, Liberator  
  133  10:17  Terran Infantry Weapons Level 2  
  133  10:19  Terran Infantry Armor Level 2  
  140  10:23  Marine  
  140  10:27  Marine x2  
  143  10:29  Terran Vehicle Weapons Level 1  
  143  10:30  Ghost Academy  
  143  10:35  Marine  
  148  10:37  SCV x2  
  148  10:38  Supply Depot  
  148  10:39  Supply Depot  
  146  10:45  Marine  
  146  10:47  Siege Tank  
  147  10:50  Command Center  
  147  10:58  Ghost x3  
  153  11:06  Supply Depot  
  153  11:07  Supply Depot  
  144  11:19  Siege Tank  
  144  11:24  Marine x2  
  142  11:27  Ghost  
  142  11:28  Marauder x2  
  142  11:32  Marine x2  
  135  11:42  Sensor Tower  
  135  11:43  Marine x2  
  134  11:48  Ghost  
  134  11:49  Marauder  
  134  11:51  Viking  
  134  11:52  Marine x2  
  134  11:53  SCV x2  
  137  11:58  SCV  
  138  12:01  Marine x2  
  138  12:02  Marauder  
  138  12:06  SCV x2  
  144  12:11  Marine x2  
  144  12:12  Bunker  
  144  12:13  Viking  
  150  12:17  Marauder  
  150  12:21  SCV x2  
  152  12:23  Marine x2  
  152  12:24  Enhanced Shockwaves, Marauder  
  152  12:29  Refinery  
  157  12:31  Refinery  
  157  12:32  Planetary Fortress  
  156  12:37  Missile Turret  
  156  12:41  Marine, Sensor Tower  
  156  12:42  Marauder  
  146  12:53  Marine, Viking  
  147  13:01  SCV x2, Viking  
  144  13:06  Orbital Command, Siege Tank  
  144  13:10  SCV  
  146  13:13  SCV  
  145  13:20  Marine  
  145  13:21  Sensor Tower  
  145  13:22  SCV x2  
  146  13:39  SCV  
  146  13:40  Marine  
  146  13:41  Marine  
  141  13:42  SCV  
  141  13:43  Siege Tank  
  141  13:44  Marine  
  141  13:45  Medivac  
  141  13:47  Marine  
  153  13:50  SCV x2  
  150  13:57  Medivac  
  150  13:58  Marine  
  150  14:00  Sensor Tower  
  150  14:01  SCV  
  148  14:10  Marine x2  
  148  14:12  Marine, SCV  

Tags
 
Add a new tag
Caveats
  • Supply blocks, unpowered buildings, or Contaminate may cause inaccurate times.
  • Supply counts are checked every 10 seconds.